| TOP OF THE 1ST |
|
Greenwood Grizzlies batting - Pitching for Spartanburg Spartans : LHP Chuck Cary
|
|
Pitching: LHP Chuck Cary
|
|
|
Batting: SHB Sap Randall
|
0-0: Ball 1-0: Ball 2-0: Ball 3-0: Base on Balls
|
|
Batting: RHB Robert Weirum
|
0-0: Ground out U3 (Groundball, 34S, EV 80.0 MPH) Sap Randall to second
|
|
Batting: LHB Mike Greenwell
|
0-0: Foul Ball, location: 2F 0-1: Ball 1-1: Ground out U3 (Groundball, 3L, EV 84.4 MPH) Sap Randall to third
|
|
Batting: RHB George Chadwick
|
0-0: Ball 1-0: Ball 2-0: Ball 3-0: Base on Balls
|
|
Batting: LHB Daryl Boston
|
0-0: Called Strike 0-1: Swinging Strike 0-2: Foul Ball, location: 2F 0-2: Ball 1-2: Foul Ball, location: 2F 1-2: Foul Ball, location: 2F 1-2: Ball 2-2: Fly out, F5 (Popup, 5S, EV 71.3 MPH)
|
| Top of the 1st over - 0 runs, 0 hits, 0 errors, 2 left on base; Greenwood 0 - Spartanburg 0 |
| BOTTOM OF THE 1ST |
|
Spartanburg Spartans batting - Pitching for Greenwood Grizzlies : RHP Dan del Valle
|
|
Pitching: RHP Dan del Valle
|
|
|
Batting: SHB Michael Vanderburg
|
0-0: Ball 1-0: Ball 2-0: Foul Ball, location: 2F 2-1: Foul Ball, location: 2F 2-2: Fly out, F6 (Popup, 6MD, EV 55.6 MPH)
|
|
Batting: LHB Albert Ortiz
|
0-0: Ball 1-0: Ball 2-0: Swinging Strike 2-1: Foul Ball, location: 2F 2-2: Ball 3-2: Base on Balls
|
|
Batting: RHB Gib Seibert
|
0-0: Called Strike 0-1: Called Strike 0-2: Reaches on Catchers interference Albert Ortiz to second
|
|
Batting: LHB John Hennell
|
0-0: Called Strike 0-1: Foul Ball, location: 2F 0-2: Foul Ball, location: 2F 0-2: Ball 1-2: Ball 2-2: 3-RUN HOME RUN (Flyball, 89XD, EV 95.6 MPH), Distance : 407 ft
|
|
Batting: RHB Van Sowards
|
0-0: Ball 1-0: Ball 2-0: Called Strike 2-1: Ball 3-1: Base on Balls
|
|
Batting: LHB Warren McReddie
|
0-0: Called Strike 0-1: Foul Ball, location: 2F 0-2: Ball 1-2: TRIPLE (Line Drive, 78XD, EV 107.5 MPH) Van Sowards scores
|
|
Batting: RHB Inocencio Guerrero
|
0-0: Called Strike 0-1: Called Strike 0-2: Ball 1-2: Ground out 4-3 (Groundball, 34, EV 96.3 MPH) Warren McReddie scores
|
|
Batting: RHB Ron Dillard
|
0-0: Ball 1-0: Ground out U3 (Groundball, 34S, EV 89.4 MPH)
|
| Bottom of the 1st over - 5 runs, 2 hits, 1 error, 0 left on base; Greenwood 0 - Spartanburg 5 |
| TOP OF THE 2ND |
|
Greenwood Grizzlies batting - Pitching for Spartanburg Spartans : LHP Chuck Cary
|
|
Batting: RHB Frank Castro
|
0-0: Called Strike 0-1: Foul Ball, location: 2F 0-2: Ball 1-2: Fly out, F4 (Popup, 34S, EV 73.8 MPH)
|
|
Batting: LHB John Flammang
|
0-0: Called Strike 0-1: Ball 1-1: SINGLE (Flyball, 5D, EV 85.6 MPH)
|
|
Batting: SHB Michael Lessard
|
0-0: Foul Ball, location: 2F 0-1: Foul Ball, location: 2F 0-2: Ball 1-2: Ball 2-2: Ball 3-2: Foul Ball, location: 2F 3-2: Base on Balls John Flammang to second
|
|
Batting: RHB Timothy Hume
|
0-0: Ball John Flammang steals 3rd base 1-0: Called Strike 1-1: Ball 2-1: Foul Ball, location: 2F 2-2: Ball 3-2: Fly out, F9 (Flyball, 9S, EV 70.6 MPH)
|
|
Batting: SHB Sap Randall
|
0-0: Foul Ball, location: 2F 0-1: Foul Ball, location: 2F 0-2: Foul Ball, location: 2F 0-2: Ball 1-2: 3-RUN HOME RUN (Flyball, 78XD, EV 93.8 MPH), Distance : 434 ft
|
|
Batting: RHB Robert Weirum
|
0-0: Called Strike 0-1: Ball 1-1: Swinging Strike 1-2: Foul Ball, location: 2F 1-2: Ball 2-2: Ball 3-2: Foul Ball, location: 2F 3-2: Base on Balls
|
|
Batting: LHB Mike Greenwell
|
0-0: Ball 1-0: Foul Ball, location: 2F 1-1: Swinging Strike 1-2: Fielders Choice at 2nd, 6-4 (Groundball, 6, EV 88.8 MPH)
|
| Top of the 2nd over - 3 runs, 2 hits, 0 errors, 1 left on base; Greenwood 3 - Spartanburg 5 |
| BOTTOM OF THE 2ND |
|
Spartanburg Spartans batting - Pitching for Greenwood Grizzlies : RHP Dan del Valle
|
|
Batting: RHB Rigo Rodriguez
|
0-0: Called Strike 0-1: Ball 1-1: Bunt missed! 1-2: Foul Ball, location: 2F 1-2: Foul Ball, location: 2F 1-2: Ball 2-2: Ball 3-2: Foul Ball, location: 2F 3-2: Base on Balls
|
|
Batting: SHB Michael Vanderburg
|
0-0: Called Strike 0-1: Foul Ball, location: 2F 0-2: Foul Ball, location: 2F 0-2: Ball 1-2: Ground out U3 (Groundball, 13, EV 86.3 MPH) Rigo Rodriguez to second
|
|
Batting: LHB Albert Ortiz
|
0-0: Called Strike 0-1: Ball 1-1: Foul Ball, location: 2F 1-2: SINGLE (Groundball, 6S, EV 65.6 MPH) (infield hit) Rigo Rodriguez to third
|
|
Batting: RHB Gib Seibert
|
0-0: Ball 1-0: Ball Albert Ortiz is caught stealing 2nd base 2-4 2-0: TRIPLE (Flyball, 78XD, EV 105.0 MPH) Rigo Rodriguez scores
|
|
Pitching: RHP Timothy Spaulding
|
|
|
Batting: LHB John Hennell
|
0-0: Ball 1-0: Ball 2-0: Called Strike 2-1: Fly out, F8 (Flyball, 8RS, EV 88.8 MPH)
|
| Bottom of the 2nd over - 1 run, 2 hits, 0 errors, 1 left on base; Greenwood 3 - Spartanburg 6 |
| TOP OF THE 3RD |
|
Greenwood Grizzlies batting - Pitching for Spartanburg Spartans : LHP Chuck Cary
|
|
Batting: RHB George Chadwick
|
0-0: Swinging Strike 0-1: Ball 1-1: Foul Ball, location: 2F 1-2: Ball 2-2: Strikes out swinging
|
|
Batting: LHB Daryl Boston
|
0-0: Foul Ball, location: 2F 0-1: Ball 1-1: Swinging Strike 1-2: Ball 2-2: Foul Ball, location: 2F 2-2: Ball 3-2: DOUBLE (Line Drive, 3D, EV 96.3 MPH)
|
|
Batting: RHB Frank Castro
|
0-0: Swinging Strike 0-1: Ball 1-1: Fly out, F3 (Flyball, 3D, EV 87.5 MPH)
|
|
Batting: LHB John Flammang
|
0-0: SINGLE (Groundball, 4MD, EV 101.3 MPH) Daryl Boston to third Runner from 3rd tries for Home, SAFE, throw by CF to home
|
|
Batting: SHB Michael Lessard
|
0-0: Fly out, F7 (Line Drive, 7, EV 92.5 MPH)
|
| Top of the 3rd over - 1 run, 2 hits, 0 errors, 1 left on base; Greenwood 4 - Spartanburg 6 |
| BOTTOM OF THE 3RD |
|
Spartanburg Spartans batting - Pitching for Greenwood Grizzlies : RHP Timothy Spaulding
|
|
Batting: RHB Van Sowards
|
0-0: Ball 1-0: Ball 2-0: Foul Ball, location: 2F 2-1: Fly out, F6 (Line Drive, 6, EV 76.3 MPH)
|
|
Batting: LHB Warren McReddie
|
0-0: Ball 1-0: Bunt for hit to 3S - play at first, batter safe!
|
|
Batting: RHB Inocencio Guerrero
|
0-0: Called Strike 0-1: Called Strike 0-2: Foul Ball, location: 2F 0-2: Strikes out swinging
|
|
Batting: RHB Ron Dillard
|
0-0: Called Strike 0-1: Ball 1-1: Ball 2-1: Ground out 4-3 (Groundball, 4, EV 90.6 MPH)
|
| Bottom of the 3rd over - 0 runs, 1 hit, 0 errors, 1 left on base; Greenwood 4 - Spartanburg 6 |
| TOP OF THE 4TH |
|
Greenwood Grizzlies batting - Pitching for Spartanburg Spartans : LHP Chuck Cary
|
|
Batting: RHB Timothy Hume
|
0-0: Foul Ball, location: 2F 0-1: Ball 1-1: Swinging Strike 1-2: Ball 2-2: Fly out, F8 (Line Drive, 8RM, EV 92.5 MPH)
|
|
Batting: SHB Sap Randall
|
0-0: Ball 1-0: Foul Ball, location: 2F 1-1: Swinging Strike 1-2: Ball 2-2: Ball 3-2: Strikes out swinging
|
|
Batting: RHB Robert Weirum
|
0-0: Ball 1-0: Called Strike 1-1: Ball 2-1: Ball 3-1: Fly out, F8 (Flyball, 8LD, EV 107.5 MPH)
|
| Top of the 4th over - 0 runs, 0 hits, 0 errors, 0 left on base; Greenwood 4 - Spartanburg 6 |
| BOTTOM OF THE 4TH |
|
Spartanburg Spartans batting - Pitching for Greenwood Grizzlies : RHP Timothy Spaulding
|
|
Batting: RHB Rigo Rodriguez
|
0-0: Called Strike 0-1: Foul Ball, location: 2F 0-2: Ball 1-2: Ball 2-2: Ball 3-2: Base on Balls
|
|
Batting: SHB Michael Vanderburg
|
0-0: Fly out, F9 (Line Drive, 9, EV 108.1 MPH)
|
|
Batting: LHB Albert Ortiz
|
0-0: Called Strike 0-1: Foul Ball, location: 2F 0-2: Ball 1-2: Ball 2-2: Fielders Choice at 2nd, 4-6 (Groundball, 4, EV 101.9 MPH)
|
|
Batting: RHB Gib Seibert
|
0-0: Ball 1-0: Ball 2-0: Ball 3-0: Base on Balls Albert Ortiz to second
|
|
Batting: LHB John Hennell
|
0-0: Ball Albert Ortiz steals 3rd base 1-0: Ball 2-0: Ground out 4-3 (Groundball, 4, EV 103.1 MPH)
|
| Bottom of the 4th over - 0 runs, 0 hits, 0 errors, 2 left on base; Greenwood 4 - Spartanburg 6 |
| TOP OF THE 5TH |
|
Greenwood Grizzlies batting - Pitching for Spartanburg Spartans : LHP Chuck Cary
|
|
Batting: LHB Mike Greenwell
|
0-0: Ball 1-0: Called Strike 1-1: Swinging Strike 1-2: Ball 2-2: Foul Ball, location: 2F 2-2: Fly out, F2 (Popup, 23F, EV 88.8 MPH)
|
|
Batting: RHB George Chadwick
|
0-0: DOUBLE (Line Drive, 89XD, EV 103.1 MPH)
|
|
Batting: LHB Daryl Boston
|
0-0: Fly out, F6 (Popup, 6, EV 74.4 MPH)
|
|
Batting: RHB Frank Castro
|
0-0: Fly out, F4 (Popup, 34S, EV 76.9 MPH)
|
| Top of the 5th over - 0 runs, 1 hit, 0 errors, 1 left on base; Greenwood 4 - Spartanburg 6 |
| BOTTOM OF THE 5TH |
|
Spartanburg Spartans batting - Pitching for Greenwood Grizzlies : RHP Timothy Spaulding
|
|
Batting: RHB Van Sowards
|
0-0: Swinging Strike 0-1: Ball 1-1: Ball 2-1: Ground out 5-3 (Groundball, 56, EV 86.3 MPH)
|
|
Batting: LHB Warren McReddie
|
0-0: Ball 1-0: Called Strike 1-1: Swinging Strike 1-2: Ball 2-2: Ball 3-2: Ground out 4-3 (Groundball, 4MD, EV 102.5 MPH)
|
|
Batting: RHB Inocencio Guerrero
|
0-0: Swinging Strike 0-1: Called Strike 0-2: Ball 1-2: Foul Ball, location: 2F 1-2: Foul Ball, location: 2F 1-2: Ground out 4-3 (Groundball, 4, EV 85.6 MPH)
|
| Bottom of the 5th over - 0 runs, 0 hits, 0 errors, 0 left on base; Greenwood 4 - Spartanburg 6 |
| TOP OF THE 6TH |
|
Greenwood Grizzlies batting - Pitching for Spartanburg Spartans : LHP Chuck Cary
|
|
Batting: LHB John Flammang
|
0-0: Ball 1-0: Bunted foul 1-1: Swinging Strike 1-2: SINGLE (Line Drive, 6MD, EV 98.8 MPH)
|
|
Batting: SHB Michael Lessard
|
0-0: Called Strike 0-1: Ball 1-1: SINGLE (Groundball, 34D, EV 106.9 MPH) John Flammang to second Runner from 2nd tries for 3rd, SAFE, no throw by RF
|
|
Batting: RHB Timothy Hume
|
0-0: Called Strike Michael Lessard steals 2nd base (no throw) 0-1: Foul Ball, location: 2F 0-2: Ball 1-2: Ball 2-2: Foul Ball, location: 2F 2-2: DOUBLE (Line Drive, 89D, EV 107.5 MPH) John Flammang scores Michael Lessard scores
|
|
Batting: SHB Sap Randall
|
0-0: Called Strike 0-1: Ball 1-1: Ball 2-1: DOUBLE (Flyball, 78XD, EV 97.5 MPH) Timothy Hume scores
|
|
Batting: RHB Robert Weirum
|
0-0: Sac Bunt to 25 - play at first, batter OUT! 5-3 Sap Randall to third
|
|
Batting: LHB Mike Greenwell
|
0-0: Called Strike 0-1: SINGLE (Line Drive, 56D, EV 100.6 MPH) Sap Randall scores
|
|
Pitching: RHP Robin Dreizler
|
|
|
Batting: RHB George Chadwick
|
0-0: Called Strike 0-1: Ball Mike Greenwell steals 2nd base 1-1: Ball 2-1: Fly out, F8 (Flyball, 8RS, EV 77.5 MPH)
|
|
Batting: LHB Daryl Boston
|
0-0: Called Strike 0-1: Swinging Strike 0-2: DOUBLE (Line Drive, 9LM, EV 108.1 MPH) Mike Greenwell scores
|
|
Batting: RHB Frank Castro
|
0-0: Ball 1-0: Fly out, F7 (Flyball, 7D, EV 96.9 MPH)
|
| Top of the 6th over - 5 runs, 6 hits, 0 errors, 1 left on base; Greenwood 9 - Spartanburg 6 |
| BOTTOM OF THE 6TH |
|
Spartanburg Spartans batting - Pitching for Greenwood Grizzlies : RHP Timothy Spaulding
|
|
Batting: RHB Ron Dillard
|
0-0: Called Strike 0-1: Called Strike 0-2: Ball 1-2: Ground out 6-3 (Groundball, 6, EV 90.0 MPH)
|
|
Batting: RHB Rigo Rodriguez
|
0-0: Ball 1-0: Ball 2-0: Foul Ball, location: 2F 2-1: Called Strike 2-2: Fly out, F7 (Flyball, 7LS, EV 85.6 MPH)
|
|
Batting: SHB Michael Vanderburg
|
0-0: Ball 1-0: Ball 2-0: Ball 3-0: Called Strike 3-1: Foul Ball, location: 2F 3-2: Base on Balls
|
|
Pitching: RHP Carl Nicholson
|
|
|
Batting: LHB Albert Ortiz
|
0-0: Called Strike Michael Vanderburg steals 2nd base 0-1: Called Strike 0-2: Foul Ball, location: 2F 0-2: Foul Ball, location: 2F 0-2: Foul Ball, location: 2F 0-2: SINGLE (Line Drive, 78S, EV 96.3 MPH) Michael Vanderburg to third Runner from 3rd tries for Home, SAFE, throw by LF to home
|
|
Batting: RHB Gib Seibert
|
0-0: Ball Albert Ortiz steals 2nd base (no throw) 1-0: Foul Ball, location: 2F 1-1: Foul Ball, location: 2F 1-2: Ball 2-2: Ground out 5-3 (Groundball, 56S, EV 73.8 MPH)
|
| Bottom of the 6th over - 1 run, 1 hit, 0 errors, 1 left on base; Greenwood 9 - Spartanburg 7 |
| TOP OF THE 7TH |
|
Greenwood Grizzlies batting - Pitching for Spartanburg Spartans : RHP Robin Dreizler
|
|
Batting: LHB John Flammang
|
0-0: Called Strike 0-1: Ball 1-1: Ground out 4-3 (Groundball, 34D, EV 99.4 MPH)
|
|
Batting: SHB Michael Lessard
|
0-0: Ball 1-0: Ball 2-0: Called Strike 2-1: Swinging Strike 2-2: Foul Ball, location: 2F 2-2: Ball 3-2: Reached on error, E6 (Groundball, 6, EV 80.6 MPH)
|
|
Batting: RHB Timothy Hume
|
0-0: Ball 1-0: Ball 2-0: SINGLE (Groundball, 6MD, EV 97.5 MPH) Michael Lessard to second
|
|
Batting: SHB Sap Randall
|
0-0: Called Strike 0-1: Ball 1-1: Ball 2-1: Called Strike 2-2: Grounds into double play, 5-4-3 (Groundball, 56S, EV 83.1 MPH)
|
| Top of the 7th over - 0 runs, 1 hit, 1 error, 1 left on base; Greenwood 9 - Spartanburg 7 |
| BOTTOM OF THE 7TH |
|
Spartanburg Spartans batting - Pitching for Greenwood Grizzlies : RHP Carl Nicholson
|
|
Batting: LHB John Hennell
|
0-0: Called Strike 0-1: SINGLE (Line Drive, 78M, EV 108.8 MPH)
|
|
Batting: RHB Van Sowards
|
0-0: Ball 1-0: Foul Ball, location: 2F 1-1: Ball 2-1: Fly out, F9 (Flyball, 9D, EV 87.5 MPH)
|
|
Batting: LHB Warren McReddie
|
0-0: Called Strike 0-1: Ball 1-1: Ball 2-1: Ball 3-1: Swinging Strike 3-2: Base on Balls John Hennell to second
|
|
Pinch Runner at 2nd James Eargle:
|
|
|
Batting: RHB Inocencio Guerrero
|
0-0: Called Strike 0-1: Ball 1-1: Ball 2-1: Grounds into double play, 4-6-3 (Groundball, 4, EV 108.1 MPH)
|
| Bottom of the 7th over - 0 runs, 1 hit, 0 errors, 1 left on base; Greenwood 9 - Spartanburg 7 |
| TOP OF THE 8TH |
|
Greenwood Grizzlies batting - Pitching for Spartanburg Spartans : RHP Robin Dreizler
|
|
Batting: RHB Robert Weirum
|
0-0: Swinging Strike 0-1: DOUBLE (Groundball, 3L, EV 100.6 MPH)
|
|
Batting: LHB Mike Greenwell
|
0-0: Intentional Walk
|
|
Batting: RHB George Chadwick
|
0-0: Ball 1-0: Grounds into double play, 6-4-3 (Groundball, 6S, EV 88.1 MPH) Robert Weirum to third
|
|
Batting: LHB Daryl Boston
|
0-0: Swinging Strike 0-1: Ball 1-1: SINGLE (Flyball, 3D, EV 91.9 MPH) Robert Weirum scores
|
|
Batting: RHB Frank Castro
|
0-0: Called Strike 0-1: Ball 1-1: Fly out, F7 (Flyball, 78M, EV 95.6 MPH)
|
| Top of the 8th over - 1 run, 2 hits, 0 errors, 1 left on base; Greenwood 10 - Spartanburg 7 |
| BOTTOM OF THE 8TH |
|
Spartanburg Spartans batting - Pitching for Greenwood Grizzlies : RHP Carl Nicholson
|
|
Batting: RHB Ron Dillard
|
0-0: DOUBLE (Groundball, 5L, EV 104.4 MPH)
|
|
Batting: RHB Rigo Rodriguez
|
0-0: Ball 1-0: Ball 2-0: Swinging Strike 2-1: Ball 3-1: Base on Balls
|
|
Batting: SHB Michael Vanderburg
|
0-0: Foul Ball, location: 2F 0-1: Grounds into double play, 4-6-3 (Groundball, 4MD, EV 89.4 MPH) Ron Dillard to third
|
|
Batting: LHB Albert Ortiz
|
0-0: Ball 1-0: Ball 2-0: Ball 3-0: Called Strike 3-1: Fly out, F8 (Flyball, 8RM, EV 80.0 MPH)
|
| Bottom of the 8th over - 0 runs, 1 hit, 0 errors, 1 left on base; Greenwood 10 - Spartanburg 7 |
| TOP OF THE 9TH |
|
Greenwood Grizzlies batting - Pitching for Spartanburg Spartans : RHP Robin Dreizler
|
|
Batting: LHB John Flammang
|
0-0: Ball 1-0: Ball 2-0: Called Strike 2-1: Swinging Strike 2-2: Foul Ball, location: 2F 2-2: Ball 3-2: Base on Balls
|
|
Batting: SHB Michael Lessard
|
0-0: Ball 1-0: SINGLE (Groundball, 25, EV 69.4 MPH) (infield hit) John Flammang to second
|
|
Batting: RHB Timothy Hume
|
0-0: Ball 1-0: Called Strike 1-1: Ball 2-1: Swinging Strike 2-2: Foul Ball, location: 2F 2-2: SINGLE (Groundball, 6D, EV 108.8 MPH) John Flammang to third Michael Lessard to second
|
|
Batting: SHB Sap Randall
|
0-0: Ball 1-0: Ball 2-0: Ball Wild Pitch! John Flammang scores Michael Lessard to third Timothy Hume to second 3-0: Called Strike 3-1: Reaches on Catchers interference
|
|
Batting: RHB Robert Weirum
|
0-0: Reached via error on a dropped throw from 1B, E1 (Groundball, 34S, EV 88.8 MPH) Michael Lessard scores Timothy Hume to third Sap Randall to second
|
|
Batting: LHB Mike Greenwell
|
0-0: Ball 1-0: Foul Ball, location: 2F 1-1: Reached on error, E5 (Groundball, 5, EV 88.1 MPH) Timothy Hume scores Sap Randall to third Robert Weirum to second
|
|
Pitching: LHP Ronn Van Krevelen
|
|
|
Batting: RHB George Chadwick
|
0-0: SINGLE (Line Drive, 6MD, EV 95.6 MPH) Sap Randall scores Robert Weirum to third Mike Greenwell to second
|
|
Batting: LHB Daryl Boston
|
0-0: Called Strike 0-1: Ball 1-1: Ball Wild Pitch! Robert Weirum scores Mike Greenwell to third George Chadwick to second 2-1: Foul Ball, location: 2F 2-2: Ball 3-2: Foul Ball, location: 2F 3-2: Foul Ball, location: 2F 3-2: Base on Balls
|
|
Batting: RHB Frank Castro
|
0-0: GRAND SLAM HOME RUN (Flyball, 7D, EV 105.6 MPH), Distance : 384 ft
|
|
Batting: LHB John Flammang
|
0-0: Ball 1-0: Swinging Strike 1-1: Hit by Pitch
|
|
Pinch Hitting: RHB James Wilson
|
0-0: Ball 1-0: Swinging Strike 1-1: Ball 2-1: Fly out, F9 (Flyball, 9S, EV 90.0 MPH)
|
|
Batting: RHB Timothy Hume
|
0-0: Ball 1-0: Swinging Strike 1-1: Ball 2-1: Swinging Strike 2-2: Foul Ball, location: 2F 2-2: Foul Ball, location: 2F 2-2: Ball 3-2: Base on Balls John Flammang to second
|
|
Pinch Hitting: RHB Wes Wesley
|
0-0: Called Strike 0-1: Ball 1-1: Foul Ball, location: 2F 1-2: Ball 2-2: Ball 3-2: SINGLE (Flyball, 56D, EV 88.8 MPH) John Flammang to third Timothy Hume to second John Flammang scores Timothy Hume to third
|
|
Batting: RHB Robert Weirum
|
0-0: Ball 1-0: Ball 2-0: Ball 3-0: Called Strike 3-1: Base on Balls Wes Wesley to second
|
|
Batting: LHB Mike Greenwell
|
0-0: Ball 1-0: Called Strike 1-1: Swinging Strike 1-2: Foul Ball, location: 2F 1-2: GRAND SLAM HOME RUN (Flyball, 9D, EV 91.9 MPH), Distance : 365 ft
|
|
Pitching: RHP Jeff Martin
|
|
|
Pinch Hitting: RHB Robert Bohnet
|
0-0: Foul Ball, location: 2F 0-1: Ball 1-1: Foul Ball, location: 2F 1-2: Strikes out looking
|
|
Batting: LHB Daryl Boston
|
0-0: Ball 1-0: SINGLE (Line Drive, 7S, EV 103.8 MPH)
|
|
Batting: RHB Frank Castro
|
0-0: Ball 1-0: Called Strike 1-1: Swinging Strike 1-2: SINGLE (Groundball, 56D, EV 98.1 MPH) Daryl Boston to second
|
|
Batting: LHB John Flammang
|
0-0: Called Strike 0-1: Fielders Choice at 2nd, U4 (Groundball, 4M, EV 105.0 MPH)
|
| Top of the 9th over - 14 runs, 8 hits, 3 errors, 2 left on base; Greenwood 24 - Spartanburg 7 |
| BOTTOM OF THE 9TH |
|
Spartanburg Spartans batting - Pitching for Greenwood Grizzlies : RHP Carl Nicholson
|
|
Now at 1B: Robert Bohnet
|
|
|
Now in LF: Jim Watkins
|
|
|
Now in RF: Wes Wesley
|
|
|
Batting: RHB Gib Seibert
|
0-0: Ball 1-0: Ball 2-0: Ball 3-0: Base on Balls
|
|
Batting: RHB James Eargle
|
0-0: Called Strike 0-1: Ball 1-1: Grounds into double play, 6-4-3 (Groundball, 56, EV 92.5 MPH)
|
|
Batting: RHB Van Sowards
|
0-0: Ball 1-0: Swinging Strike 1-1: Swinging Strike 1-2: Ball 2-2: Foul Ball, location: 2F 2-2: Foul Ball, location: 2F 2-2: Ball 3-2: Base on Balls
|
|
Batting: LHB Warren McReddie
|
0-0: Ball 1-0: Fly out, F6 (Popup, 6MS, EV 65.0 MPH)
|
| Bottom of the 9th over - 0 runs, 0 hits, 0 errors, 1 left on base; Greenwood 24 - Spartanburg 7 |
|